 Dungeon Crawl Stone Soup version 0.30-a0-371-gad7725a93e (webtiles) character file.

Game seed: 5326273865309856512

77 skoleks the Chopper (level 4, -1/40 HPs)
             Began as a Hill Orc Monk on Nov 21, 2022.
             Slain by Natasha (3 damage)
             ... on level 3 of the Dungeon.
             The game lasted 00:10:23 (2108 turns).

skoleks the Chopper (Hill Orc Monk)                 Turns: 2108, Time: 00:10:23

Health: -1/40      AC: 13    Str: 15    XL:     4   Next: 33%
Magic:  4/4        EV:  4    Int: 19    God:
Gold:   102        SH:  0    Dex:  9    Spells: 3/3 levels left

rFire   + . .      SeeInvis .    q - +8 dagger of Conflict {vorpal, rF+ Int+3 Dex-4}
rCold   . . .      Faith    .    (no shield)
rNeg    . . .      Spirit   .    u - +0 plate armour
rPois   .          Reflect  .    y - +1 helmet
rElec   .          Harm     .    (no cloak)
rCorr   +          Rampage  .    z - +0 pair of gloves
Will    .....                    (no boots)
Stlth   ..........               (no amulet)
HPRegen 0.26/turn                n - ring of resist corrosion
MPRegen 0.09/turn                s - +6 ring of intelligence

@: attractive, slowed, very slow
A: no striking features
a: no special abilities


You were on level 3 of the Dungeon.
You visited 1 branch of the dungeon, and saw 3 of its levels.

You collected 102 gold pieces.

Inventory:

Hand Weapons
 a - a +0 hand axe
 e - a +0 dagger of flaming
 f - a +2 dagger of venom
 g - a +0 short sword of draining
 q - the +8 dagger of Conflict (weapon) {vorpal, rF+ Int+3 Dex-4}
   (You found it on level 2 of the Dungeon)

   It inflicts extra damage upon your enemies.
   Int:       It affects your intelligence (+3).
   Dex:       It affects your dexterity (-4).
   rF:        It protects you from fire.
Armour
 b - a +0 robe
 k - a +0 scale mail
 u - a +0 plate armour (worn)
 w - a +0 chain mail
 y - a +1 helmet (worn)
 z - a +0 pair of gloves (worn)
 B - a +0 pair of gloves
Jewellery
 n - a ring of resist corrosion (left hand)
 s - a +6 ring of intelligence (right hand)
Wands
 x - a wand of quicksilver (8)
Scrolls
 d - 4 scrolls of teleportation {unknown}
 i - a scroll of noise {unknown}
 j - 3 scrolls of immolation {unknown}
 l - a scroll of butterflies {unknown}
 m - 3 scrolls of poison {unknown}
 p - 3 scrolls of torment {unknown}
 r - 4 scrolls of identify {unknown}
Potions
 o - 2 potions of haste {unknown}
 t - a potion of invisibility {unknown}
 v - 2 potions of cancellation {unknown}
 A - a potion of degeneration {unknown}


   Skills:
 + Level 4.3 Fighting
 * Level 1.7 Short Blades
 - Level 4.5 Axes
 * Level 1.3 Armour
 - Level 2.7 Dodging
 - Level 1.7 Stealth


You had 3 spell levels left.
You didn't know any spells.
Your spell library contained the following spells:

 Spells                   Type           Power      Damage    Failure   Level
 Slow                     Hex            0%         N/A       100%        1
 Confusing Touch          Hex            0%         N/A       100%        3
 Vampiric Draining        Necr           0%         2d6       100%        3


Dungeon Overview and Level Annotations

Branches:
Dungeon (3/15)

Altars:

Shops:
D:1 =

Annotations:
D:3 Natasha


Message History

Natasha casts a spell at you.
You feel yourself slow down. The bat completely misses you.
You hit the crimson imp but do no damage.
The crimson imp disappears in a puff of smoke!
The bat misses you. Natasha completely misses you. The bat barely misses you.
Natasha closely misses you.
The crimson imp blinks!
You hit the crimson imp.
The crimson imp is lightly wounded.
The crimson imp disappears in a puff of smoke!
The bat hits you. The bat barely misses you.
Natasha extends her claws.
Natasha claws you. The crimson imp closely misses you.
Natasha mumbles some strange words.
Natasha's front paws start to glow.
Natasha closely misses you.
You barely miss the crimson imp.
You feel less batty.
The +8 dagger of Conflict {vorpal, rF+ Int+3 Dex-4} unmelds from your body.
Your +1 helmet unmelds from your body.
Your +0 pair of gloves unmelds from your body.
Your +0 plate armour unmelds from your body.
Your ring of resist corrosion unmelds from your body.
Your +6 ring of intelligence unmelds from your body.
You feel clever. The bat hits you but does no damage.
The crimson imp hits you but does no damage.
Natasha claws you!
* * * LOW HITPOINT WARNING * * *
The bat hits you but does no damage.
It was a potion of attraction.
You feel attractive to monsters.
Natasha no longer looks unusually strong.
The bat hits you but does no damage.
The crimson imp blinks!
Natasha claws you.
* * * LOW HITPOINT WARNING * * *
The bat is attracted toward you.
You hit the bat.
You kill the bat!
Natasha casts a spell.
Natasha claws you.
You die...

#########.#####.#
.......<#.##....######.
........#.##...........
........#.##...........
#######.#.##...........
................5......
#######.#.##..§.#####..
#.#.##.)†.# ..#+##.h@.#
.##.....5..# ..
+.......... ..
#....###..... ... ##+##
#....#.. ....>..
....... .......


You could see Natasha and 2 crimson imps.

Vanquished Creatures
  Robin (D:2)
  A worm (D:2)
  2 dart slugs
  7 ball pythons
  4 bats
  6 endoplasms
  3 giant cockroaches (D:2)
  3 hobgoblins
  7 kobolds
  3 quokkas (D:1)
  4 frilled lizards
  10 goblins
  4 rats
55 creatures vanquished.

Notes
Turn   | Place    | Note
-------+----------+-------------------------------------------
     0 | D:1      | skoleks the Hill Orc Monk began the quest for the Orb.
     0 | D:1      | Reached XP level 1. HP: 19/19 MP: 1/1
   118 | D:1      | Reached XP level 2. HP: 16/27 MP: 2/2
   433 | D:1      | Found Ruemm's Jewellery Boutique.
   589 | D:1      | Reached XP level 3. HP: 30/33 MP: 3/3
  1155 | D:2      | Identified the +8 dagger of Conflict {vorpal, rF+ Int+3
                  | Dex-4}
  1361 | D:2      | Reached skill level 1 in Short Blades
  1711 | D:2      | Noticed Robin
  1722 | D:2      | Killed Robin
  1723 | D:2      | Reached skill level 1 in Armour
  1723 | D:2      | Reached XP level 4. HP: 32/40 MP: 4/4
  2071 | D:3      | Noticed Natasha
  2107 | D:3      | HP: 2/40 [Natasha (3)]
  2108 | D:3      | Slain by Natasha

Illustrated notes

Levels and vault maps discovered:
D:1:      onia_arrival_pentagram, layout_basic, serial_shops,
          nicolae_shop_stone, serial_park_tiny_2
D:2:      minmay_inner_zag, layout_basic, uniq_robin
D:3:      layout_basic, mainiacjoe_overflow_concentric_impassable,
          hellmonk_ecumenical_altar_lost_god, st_stairs_4, uniq_natasha

Skill      XL: |  1  2  3 |
---------------+----------+-----
Fighting       | 4 |  4.3
Short Blades   | 1 |  1.7
Armour         | 1 |  1.3
Axes           | |  4.5
Dodging        | |  2.7
Stealth        | |  1.7

Action                   |  1- 3 |  4- 6 || total
-------------------------+-------+-------++-------
Melee: Dagger            |    69 |    21 ||    90
       Hand axe          |    62 |       ||    62
       Punch             |     4 |       ||     4
       Unarmed           |       |    21 ||    21
  Use: Potion            |       |     2 ||     2
 Stab: Sleeping          |     3 |       ||     3
Armor: Robe              |     9 |       ||     9
       Scale mail        |    21 |       ||    21
       Plate armour      |    30 |    17 ||    47
Dodge: Dodged            |    53 |    46 ||    99

Table legend: (Time is in decaauts)
 A = Elapsed time spent in this place.
 B = Non-inter-level travel time spent in this place.
 C = Inter-level travel time spent in this place.
 D = Time resting spent in this place.
 E = Time spent auto-exploring this place.
 F = Levels seen in this place.
 G = Mean time per level.
                   A        B        C        D        E       F      G
               +--------+--------+--------+--------+--------+-----+--------+
         Total |   2102 |   2033 |     69 |      0 |   1471 |   3 |  700.7 |
       Dungeon |   2102 |   2033 |     69 |      0 |   1471 |   3 |  700.7 |
               +--------+--------+--------+--------+--------+-----+--------+

Top non-repeatable levels by time:
     D:2: 1084 daAuts
     D:1: 977 daAuts
     D:3: 40 daAuts
